 Dungeon Crawl Stone Soup version 0.24.0-37-gcf1ca852f1 (webtiles) character file.

Game seed: 7792896100218218236, levelgen mode: deterministic

80213 sankara the Severer (level 15, -19/132 HPs)
             Began as a Hill Orc Fighter on Dec 3, 2019.
             Was a High Priest of Makhleb.
             Demolished by a very large slime creature (30 damage)
             ... on level 12 of the Dungeon on Dec 4, 2019.
             The game lasted 02:23:10 (29877 turns).

sankara the Severer (Hill Orc Fighter)             Turns: 29877, Time: 02:23:11

Health: -19/132    AC: 22    Str: 27    XL:     15   Next: 66%
Magic:  25/25      EV: 11    Int: 13    God:    Makhleb [*****.]
Gold:   1280       SH: 14    Dex: 10    Spells: 10/14 levels left

rFire    + . .     SeeInvis .   a - +1 war axe "Kiteli" {freeze, Str+2}
rCold    + . .     Gourm    .   c - +0 shield
rNeg     + . .     Faith    .   n - +1 plate armour {rC+}
rPois    +         Spirit   .   V - +0 helmet
rElec    .         Reflect  .   M - +1 cloak {rPois}
rCorr    .         Harm     .   e - +0 pair of gloves
MR       ++...                  L - +0 pair of boots "Niydonou" {Slay+3} (curse)
Stlth    ..........             T - amulet of rage
HPRegen  0.32/turn              C - ring of protection from magic
MPRegen  0.19/turn              Z - ring "Bochamen" {rF+ rN+ Int+4}

@: studying Axes
A: no striking features
a: Minor Destruction, Lesser Servant of Makhleb, Major Destruction, Greater
Servant of Makhleb, Renounce Religion, Evoke Berserk Rage


You were on level 12 of the Dungeon.
You worshipped Makhleb.
Makhleb was extremely pleased with you.
You were not hungry.

You visited 3 branches of the dungeon, and saw 21 of its levels.
You also visited: Sewer, Ossuary, Ice Cave and Volcano.

You collected 3672 gold pieces.
You spent 2392 gold pieces at shops.

Inventory:

Hand Weapons
 a - the +1 war axe "Kiteli" (weapon) {freeze, Str+2}
   (You took it off an orc warrior on level 11 of the Dungeon)

   It has been specially enchanted to freeze those struck by it, causing extra
   injury to most foes and up to half again as much damage against particularly
   susceptible opponents.
   It can also slow down cold-blooded creatures.
   It affects your strength (+2).
 b - a +3 flail of freezing
 i - a +0 broad axe
Missiles
 j - 2 throwing nets
 F - 36 poisoned darts (quivered)
 Y - 5 boomerangs of dispersal
Armour
 c - a +0 shield (worn)
 e - a +0 pair of gloves (worn)
 n - a +1 plate armour of cold resistance (worn)
 L - the cursed +0 pair of boots "Niydonou" (worn) {Slay+3}
   (You bought it in a shop on level 1 of the Orcish Mines)

   It affects your accuracy and damage with ranged weapons and melee attacks
   (+3).
   It has a curse placed upon it.
 M - a +1 cloak of poison resistance (worn)
 V - a +0 helmet (worn)
Jewellery
 m - an uncursed ring of protection from cold
 B - an uncursed ring of flight
 C - a ring of protection from magic (left hand)
 I - an uncursed ring of see invisible
 T - an amulet of rage (around neck)
 Z - the ring "Bochamen" (right hand) {rF+ rN+ Int+4}
   (You found it on level 11 of the Dungeon)

   [ring of protection from fire]

   It affects your intelligence (+4).
   It protects you from fire.
   It protects you from negative energy.
Wands
 w - a wand of digging (4)
 x - a wand of iceblast (6)
 y - a wand of disintegration (14)
 E - a wand of acid (31)
 X - a wand of paralysis (28)
Scrolls
 g - 11 scrolls of remove curse
 p - 17 scrolls of teleportation
 q - 4 scrolls of fog
 r - 3 scrolls of blinking
 s - 4 scrolls of fear
 v - a scroll of magic mapping
 A - 2 scrolls of silence {unknown}
 D - 4 scrolls of enchant weapon {unknown}
 G - a scroll of immolation {unknown}
 H - a scroll of random uselessness {unknown}
 J - a scroll of summoning {unknown}
 K - a scroll of torment {unknown}
 N - a scroll of enchant armour
 S - 6 scrolls of amnesia {unknown}
Potions
 d - 6 potions of might
 h - a potion of flight
 o - a potion of brilliance
 t - 3 potions of haste
 u - 3 potions of heal wounds
 z - 5 potions of curing
 O - 2 potions of resistance
 P - a potion of lignification {unknown}
 Q - 3 potions of invisibility
 R - 2 potions of agility
 W - a potion of mutation {unknown}
Books
 k - a manual of Axes
Comestibles
 f - 39 rations


   Skills:
 - Level 12.0 Fighting
 + Level 16.5 Axes
 - Level 10.0 Armour
 - Level 9.0 Dodging
 - Level 15.0 Shields
 + Level 14.2 Invocations


You had 10 spell levels left.
You knew the following spells:

 Your Spells              Type           Power        Failure   Level  Hunger
a - Animate Skeleton      Necr           N/A          95%         1    ##.....
b - Apportation           Tloc           #.....       95%         1    ##.....
c - Blink                 Tloc           N/A          99%         2    ###....

Your spell library contained the following spells:

 Spells                   Type           Power        Failure   Level  Hunger
 Confusing Touch          Hex            #.....       95%         1    ##.....
 Corona                   Hex            #......      95%         1    ##.....
 Freeze                   Ice            #...         95%         1    ##.....
 Magic Dart               Conj           #...         95%         1    ##.....
 Pain                     Necr           #...         95%         1    ##.....
 Summon Small Mammal      Summ           #...         95%         1    ##.....
 Call Imp                 Summ           #.......     99%         2    ###....
 Ensorcelled Hibernation  Hex/Ice        #.....       99%         2    ###....
 Searing Ray              Conj           #.....       99%         2    ###....
 Slow                     Hex            #.......     99%         2    ###....
 Call Canine Familiar     Summ           #.......     100%        3    ####...
 Confuse                  Hex            #.......     100%        3    ####...
 Conjure Flame            Conj/Fire      #.......     100%        3    ####...
 Dazzling Spray           Conj/Hex       #.....       100%        3    ####...
 Gell's Gravitas          Tloc           #.........   100%        3    ####...
 Mephitic Cloud           Conj/Pois/Air  #.......     100%        3    ####...
 Summon Guardian Golem    Hex/Summ       #.......     100%        3    ####...
 Tukima's Dance           Hex            #.......     100%        3    ####...
 Force Lance              Conj/Tloc      #.......     100%        4    #####..
 Fulminant Prism          Conj/Hex       #.........   100%        4    #####..
 Iskenderun's Mystic Bla  Conj           #.......     100%        4    #####..
 Petrify                  Tmut/Erth      #.......     100%        4    #####..
 Summon Ice Beast         Ice/Summ       #.......     100%        4    #####..
 Summon Lightning Spire   Summ/Air       #.......     100%        4    #####..
 Metabolic Englaciation   Hex/Ice        #.........   100%        5    ######.
 Yara's Violent Unravell  Hex/Tmut       #.........   100%        5    ######.


Dungeon Overview and Level Annotations

Branches:
Dungeon (13/15)            Temple (0/1) D:7            Lair (6/6) D:9
  Swamp (0/4) Lair:4        Snake (0/4) Lair:4        Slime (0/5) Lair:6
    Orc (2/2) D:12            Elf (0/3) Orc:2         Sewer (visited)
Ossuary (visited)           IceCv (visited)         Volcano (visited)
 Vaults: D:13-14

Altars:
Fedhas
Gozag
Hepliaklqana
Makhleb
Nemelex Xobeh
Okawaru
Qazlal
Trog
Vehumet
Zin
The Shining One
Beogh
Jiyva

Shops:
D:6 :   D:12 (   Orc:1 [   Orc:2 (*:[

Annotations:
D:4 3 runed translucent doors, grouchysmurf's ghost, novice HaAK


Message History

The very large slime creature burns!
The crimson imp blinks!
The very large slime creature burns!
The very large slime creature burns!
The crimson imp blinks!
The very large slime creature burns!
The very large slime creature burns!
There is an open door here.
The very large slime creature burns!
The very large slime creature burns!
The very large slime creature hits you!!
* * * LOW HITPOINT WARNING * * *
Okay, then.
Blink to where?
Press: ? - help, Dir - move target cursor, f - you
Okay, then.
As you read the scroll of fear, it crumbles to dust.
You assume a fearsome visage.
The very large slime creature resists with some effort.
The very large slime creature burns!
The very large slime creature hits you!!
You die...

.# #........# #.#
.####........# #.#
........>#######'##
.#####............#
.# #............#
.## #...5........#
..# ###########'##
#.# #J# .#######
#@# .###...# #.#
#.##...# #.#
..##...# #.#
####...# #.#
#..#...# #.#
.###...# #.#
..##...# #.#
#.##...# #.#


You could see a very large slime creature (burning).

Vanquished Creatures
  An orc warlord (Orc:1)
  A stone giant (Orc:2)
  Snorg (D:11)
  An ice dragon (D:10)
  Fannar (Lair:2)
  7 hydras
  A centaur warrior (D:12)
  Erica (D:10)
  3 two-headed ogres
  An orc high priest (Orc:1)
  A death yak (IceCv)
  A lindwurm (Lair:6)
  3 oklob plants (Lair:6)
  4 orc knights (Orc:1)
  A wolf spider zombie (D:13)
  4 orc sorcerers
  4 cyclopes
  2 manticores (D:11)
  4 centaur zombies
  A deep elf mage (D:13)
  An ice statue (IceCv)
  10 elephants
  A black mamba (Lair:2)
  7 spiny frogs
  Psyche (D:8)
  A gargoyle (D:13)
  8 komodo dragons
  2 centaur skeletons (D:11)
  2 rime drakes
  A red devil (Volcano)
  5 trolls
  12 blink frogs
  5 bog bodies (Lair:4)
  8 hornets
  21 polar bears
  6 hippogriffs
  7 dream sheep
  11 spriggans
  4 hogs (D:9)
  A shadow (D:11)
  45 yaks
  A basilisk (Lair:2)
  A human (D:9)
  2 steam dragons
  4 vampire mosquitoes (D:8)
  A hungry ghost (D:10)
  2 wargs
  A swamp worm (Lair:4)
  14 water moccasins
  A soldier ant (D:12)
  11 porcupines
  31 orc warriors
  3 ice beasts
  7 black bears
  3 sky beasts
  3 eyes of draining
  12 ogres
  44 wolves
  2 phantoms
  4 boggarts (Lair:6)
  4 centaurs
  A big kobold (D:9)
  18 crocodiles
  9 bullfrogs
  2 water moccasin zombies (Ossuary)
  2 scorpions
  3 killer bees (D:12)
  A vampire bat (D:5)
  3 wights (D:9)
  A howler monkey (D:4)
  2 lava snakes (Volcano)
  An electric eel (Lair:4)
  6 crimson imps
  A jelly (D:8)
  6 bullfrog skeletons
  A bullfrog zombie (D:13)
  15 orc priests
  7 hounds
  4 iguanas
  33 orc wizards
  10 worker ants
  3 big kobold zombies (Ossuary)
  4 hound skeletons
  2 mummies (Ossuary)
  2 worker ant zombies
  12 adders
  9 gnolls
  3 river rats (Sewer)
  3 shadow imps
  12 white imps (Lair:2)
  2 oozes
  An adder skeleton (D:7)
  6 adder zombies
  A worm (D:4)
  A dart slug (D:2)
  5 fire bats
  5 leopard geckos
  89 orcs
  2 spectral bats (D:5)
  18 ball pythons
  13 bats
  A bat simulacrum (D:5)
  3 bat skeletons (D:5)
  A bat zombie (D:5)
  9 giant cockroaches
  3 gnoll zombies (Ossuary)
  6 goblins
  9 hobgoblins
  4 jackals (D:7)
  6 kobolds
  3 quokkas
  8 frilled lizards
  A goblin zombie (D:7)
  2 hobgoblin zombies (Ossuary)
  6 kobold zombies (Ossuary)
  A leopard gecko zombie (D:5)
  2 orc zombies (Ossuary)
  2 quokka zombies
  29 rats
  6 fungi
  2 plants
776 creatures vanquished.

Vanquished Creatures (collateral kills)
  Jorgrun (Orc:2)
  A frost giant (IceCv)
  Nessos (Lair:5)
  The ghost of Foicveli the Cleaver, a journeyman FoVM of Makhleb (D:11)
  Josephine (Lair:5)
  A hydra (Lair:5)
  A death yak (IceCv)
  Sonja (Lair:5)
  The ghost of sankara the Carver, a novice GrMo of Dithmenos (D:10)
  A smoke demon (Volcano)
  2 molten gargoyles (Volcano)
  A spiny frog (Lair:2)
  A komodo dragon (Lair:5)
  A red devil (Volcano)
  A polar bear (IceCv)
  A hornet (Lair:6)
  A dream sheep (Lair:5)
  A yak (IceCv)
  4 wraiths (Lair:5)
  A basilisk (Lair:2)
  2 hell hounds (Volcano)
  An orc warrior (D:11)
  A crocodile (Lair:5)
  A bullfrog zombie (D:11)
  An orc priest (D:11)
  A worker ant (D:10)
  3 orcs (D:11)
34 creatures vanquished.

Vanquished Creatures (others)
  A yak (IceCv)
  An orc priest (Orc:2)
  An orc (Orc:2)
  12 fungi
  5 plants
  2 toadstools (D:2)
22 creatures vanquished.

Grand Total: 832 creatures vanquished

Notes
Turn   | Place    | Note
-------+----------+-------------------------------------------
     0 | D:1      | sankara the Hill Orc Fighter began the quest for the Orb.
     0 | D:1      | Reached XP level 1. HP: 19/19 MP: 1/1
    19 | D:1      | Reached skill level 3 in Axes
    98 | D:1      | Reached XP level 2. HP: 23/26 MP: 2/2
   617 | D:1      | Reached skill level 4 in Axes
   756 | D:1      | Reached XP level 3. HP: 31/31 MP: 3/3
  1492 | D:3      | Found a glowing drain.
  1498 | D:3      | Reached XP level 4. HP: 39/39 MP: 4/4
  1512 | Sewer    | Entered a sewer
  1538 | Sewer    | Reached skill level 5 in Axes
  1927 | Sewer    | Reached XP level 5. HP: 30/45 MP: 5/5
  2105 | Sewer    | Reached skill level 6 in Axes
  2109 | Sewer    | Reached skill level 7 in Axes
  2109 | Sewer    | Reached skill level 5 in Shields
  2109 | Sewer    | Reached XP level 6. HP: 24/51 MP: 6/6
  2743 | D:3      | Found a hazy altar of Hepliaklqana.
  2998 | D:4      | Found a runed translucent gate.
  3009 | D:4      | Noticed grouchysmurf's ghost (novice HaAK)
  3015 | D:4      | Found a runed translucent gate.
  3061 | D:4      | Found a runed translucent gate.
  3363 | D:5      | Entered Level 5 of the Dungeon
  3534 | D:5      | Reached skill level 8 in Axes
  3536 | D:5      | Reached XP level 7. HP: 56/57 MP: 7/7
  3666 | D:5      | Found a bloodstained altar of Trog.
  3666 | D:5      | Found an iron altar of Okawaru.
  3720 | D:5      | Found a sparkling altar of Nemelex Xobeh.
  3989 | D:5      | Got an encrusted dagger
  4269 | D:6      | Found Mused's Book Shoppe.
  4294 | D:6      | Reached skill level 9 in Axes
  4427 | D:6      | Reached XP level 8. HP: 60/64 MP: 8/8
  4784 | D:6      | Reached skill level 10 in Axes
  4787 | D:6      | Found a burning altar of Makhleb.
  4787 | D:6      | Noticed a blizzard demon
  4793 | D:6      | Noticed a ynoxinul
  4793 | D:6      | Noticed a ynoxinul
  4795 | D:6      | Became a worshipper of Makhleb the Destroyer
  4830 | D:6      | Reached skill level 5 in Armour
  5582 | D:6      | Found a burning altar of Makhleb.
  5583 | D:6      | Found a radiant altar of Vehumet.
  5605 | D:7      | Found a staircase to the Ecumenical Temple.
  5644 | D:7      | Reached * piety under Makhleb
  5673 | D:7      | Found a glowing silver altar of Zin.
  5782 | D:7      | Reached skill level 11 in Axes
  5825 | D:7      | Found a sand-covered staircase.
  5842 | Ossuary  | Entered an ossuary
  5901 | Ossuary  | Reached XP level 9. HP: 70/70 MP: 9/9
  5983 | Ossuary  | Reached ** piety under Makhleb
  6633 | D:8      | Reached skill level 1 in Invocations
  6644 | D:8      | Reached skill level 12 in Axes
  6985 | D:8      | Reached *** piety under Makhleb
  7203 | D:8      | Learned a level 1 spell: Animate Skeleton
  7205 | D:8      | Learned a level 1 spell: Apportation
  7226 | D:8      | Reached skill level 13 in Axes
  7264 | D:8      | Noticed a two-headed ogre
  7279 | D:7      | Killed a two-headed ogre
  7279 | D:7      | Reached skill level 5 in Invocations
  7279 | D:7      | Reached XP level 10. HP: 37/77 MP: 13/13
  8118 | D:8      | Got a transparent long sword
  8170 | D:9      | Reached skill level 14 in Axes
  8178 | D:9      | Noticed Psyche
  8196 | D:8      | Killed Psyche
  8285 | D:9      | Found a staircase to the Lair.
  8315 | D:9      | Reached skill level 5 in Fighting
  8322 | D:9      | Got a jewelled ring mail
  8416 | D:9      | Reached **** piety under Makhleb
  8637 | D:9      | Reached XP level 11. HP: 88/88 MP: 14/14
  8650 | D:9      | Learned a level 2 spell: Blink
  8669 | D:9      | Found a blossoming altar of Fedhas.
  8885 | D:9      | Found a glowing golden altar of the Shining One.
  8941 | D:9      | Reached skill level 15 in Axes
  9147 | D:10     | Entered Level 10 of the Dungeon
  9171 | D:10     | Reached skill level 10 in Shields
  9422 | D:10     | Identified the +5 ring mail of Ashenzari {rPois rN+ Dex+4
                  | Slay-2} (You found it on level 9 of the Dungeon)
  9517 | D:10     | Found a runed translucent gate.
  9517 | D:10     | Found a runed translucent gate.
  9517 | D:10     | Found a runed translucent gate.
  9518 | D:10     | Found an opulent altar of Gozag.
  9518 | D:10     | Noticed a cyclops
  9519 | D:10     | Noticed sankara's ghost (novice GrMo)
  9520 | D:10     | Noticed an ice dragon
  9544 | D:10     | Noticed a two-headed ogre
  9553 | D:10     | Killed a two-headed ogre
  9789 | D:10     | Noticed Erica
  9804 | D:10     | Killed Erica
  9897 | D:10     | Noticed a two-headed ogre
  9907 | D:10     | Killed a two-headed ogre
 10563 | D:11     | Noticed Snorg
 10585 | D:11     | Killed Snorg
 10585 | D:11     | Reached skill level 16 in Axes
 10944 | D:11     | Noticed a cyclops
 10958 | D:11     | Killed a cyclops
 11481 | D:11     | Noticed a manticore
 11497 | D:11     | Killed a manticore
 11650 | D:11     | Noticed a manticore
 11667 | D:11     | Killed a manticore
 11667 | D:11     | Reached XP level 12. HP: 84/100 MP: 18/18
 11930 | D:11     | Found a runed translucent gate.
 11930 | D:11     | Found a runed translucent gate.
 11933 | D:11     | Found a runed translucent gate.
 11933 | D:11     | Noticed Foicveli's ghost (journeyman FoVM)
 11936 | D:11     | Found a roughly hewn altar of Beogh.
 11937 | D:11     | Identified the +1 war axe "Kiteli" {freeze, Str+2}
 11963 | D:11     | Killed Foicveli's ghost
 11982 | D:11     | Got a scintillating amber ring
 12046 | D:11     | Identified the ring "Bochamen" {rF+ rN+ Int+4} (You found
                  | it on level 11 of the Dungeon)
 12176 | D:12     | Noticed a four-headed hydra
 12267 | D:12     | Found a staircase to the Orcish Mines.
 12458 | D:12     | Reached skill level 1 in Dodging
 12599 | Lair:1   | Entered Level 1 of the Lair of Beasts
 12744 | Lair:1   | Reached skill level 10 in Invocations
 12922 | Lair:1   | Reached ***** piety under Makhleb
 12948 | Lair:1   | Got a slimy ring mail
 13454 | Lair:2   | Found a frozen archway.
 13491 | Lair:2   | Identified the cursed +0 ring mail "Mikkiot" {Slay+3} (You
                  | found it on level 1 of the Lair of Beasts)
 13516 | IceCv    | Entered an ice cave
 14157 | IceCv    | Reached XP level 13. HP: 111/111 MP: 20/20
 14622 | IceCv    | Reached skill level 10 in Fighting
 14910 | IceCv    | Noticed a frost giant
 14926 | IceCv    | Reached skill level 5 in Dodging
 14947 | IceCv    | Killed a frost giant
 17197 | Lair:2   | Noticed Fannar
 17357 | Lair:2   | Killed Fannar
 18994 | Lair:4   | Found a staircase to the Snake Pit.
 19262 | Lair:4   | Found a staircase to the Swamp.
 19503 | Lair:4   | Reached skill level 10 in Armour
 19503 | Lair:4   | Reached XP level 14. HP: 38/121 MP: 21/21
 20222 | Lair:5   | Found a dark tunnel.
 20243 | Volcano  | Entered a volcano
 20600 | Volcano  | Found a burning altar of Makhleb.
 21241 | Lair:5   | Noticed Nessos
 21869 | Lair:5   | Reached skill level 15 in Shields
 21887 | Lair:5   | Killed Nessos
 21946 | Lair:5   | Noticed Josephine
 21950 | Lair:5   | Noticed Sonja
 21955 | Lair:5   | Killed Josephine
 21970 | Lair:5   | Killed Sonja
 22393 | Lair:6   | Entered Level 6 of the Lair of Beasts
 22818 | Lair:6   | Found a viscous altar of Jiyva.
 22818 | Lair:6   | Found a staircase to the Slime Pits.
 23560 | Lair:6   | Paralysed by a hornet for 2 turns
 23900 | Lair:6   | Reached XP level 15. HP: 132/132 MP: 22/22
 24726 | D:10     | Killed sankara's ghost
 25121 | D:12     | Found Pulo's Antique Weapon Shop.
 25982 | Orc:1    | Entered Level 1 of the Orcish Mines
 26115 | Orc:1    | Found a roughly hewn altar of Beogh.
 26513 | Orc:2    | Entered Level 2 of the Orcish Mines
 26516 | Orc:2    | Noticed an orc warlord
 27076 | Orc:1    | Killed an orc warlord
 27614 | Orc:2    | Found a roughly hewn altar of Beogh.
 27623 | Orc:2    | Found Puiruz's General Store.
 27629 | Orc:2    | Paralysed by an orc sorcerer for 4 turns
 27812 | Orc:2    | Found Soinocwu's Antique Weapon Shop.
 28044 | Orc:2    | Noticed Jorgrun
 28074 | Orc:2    | Killed Jorgrun
 28499 | Orc:2    | Found a staircase to the Elven Halls.
 28520 | Orc:2    | Found Pafischocs's Antique Armour Shop.
 28535 | Orc:2    | Found Katwizue's Book Shop.
 28558 | Orc:2    | Bought a runed cloak for 217 gold pieces
 28967 | Orc:2    | Bought a manual of Axes for 1435 gold pieces
 29075 | Orc:1    | Found Ottatich's Antique Armour Boutique.
 29083 | Orc:1    | Bought a pair of spiked boots for 370 gold pieces
 29093 | Orc:1    | Identified the cursed +0 pair of boots "Niydonou" {Slay+3}
                  | (You bought it in a shop on level 1 of the Orcish Mines)
 29093 | Orc:1    | Bought a crude cloak for 370 gold pieces
 29103 | Orc:1    | Identified the +2 cloak of Context {Dex+6} (You bought it
                  | in a shop on level 1 of the Orcish Mines)
 29555 | D:13     | Found a stormy altar of Qazlal.
 29562 | D:13     | Identified A Beginning Course on the Arcane Arts
 29877 | D:12     | Demolished by a very large slime creature

Levels and vault maps discovered:
D:1:      tarquinn_simple_flora_water_b, layout_basic, serial_glass,
          glass_columns_c, glass_columns_b
D:2:      layout_rooms, minmay_gold_behind_fungi
D:3:      layout_loops_corners, lemuel_coloured_pillars_altar,
          portal_sewer_entry_a
D:4:      layout_rooms, gammafunk_ghost_split, first_ration, minmay_box_of_dots
D:5:      layout_gridville, grunt_temple_overflow_bloody_war,
          nemelex_xobeh_ov_fountains_minmay, goddamned_bats
D:6:      layout_basic, grunt_temple_overflow_lords_of_destruction,
          serial_shops, nicolae_shop_statue_plus, makhleb_altar_promises_db
D:7:      layout_gridville, zin_scriptorium,
          minmay_temple_entry_drinking_statues, enter_ossuary_4
D:8:      layout_loops_ring
D:9:      layout_basic, kennysheep_little_box, minmay_lair_entry_grove,
          grunt_livestock, grunt_ministairs_15, wad_floor_pattern_untrapped,
          tso_metal_star, uniq_psyche
D:10:     layout_basic, ebering_ghost_gozag, chequers_serial_rivers_micro_e,
          grunt_ministairs_13, uniq_erica
D:11:     layout_layer_cave, biasface_ghost_orc_armoury, uniq_snorg
D:12:     layout_basic, erik_orc_3, serial_shops, shop, kennysheep_minor_cross
D:13:     layout_basic, nicolae_qazlal_general_emergency
Lair:1:   layout_roguey, grunt_megastairs_3, infiniplex_staircase_pool_2
Lair:2:   layout_long_grid, portal_ice_cave_entry_imps, grunt_megastairs_2,
          uniq_fannar
Lair:3:   layout_regular_city, chequers_serial_rivers_micro_a
Lair:4:   layout_hall_layers, nicolae_swamp_entry_splash_gauntlet,
          minmay_snake_entry_six_corridors, serial_forest,
          infiniplex_forest_clump_small, infiniplex_forest_lined_room_3,
          infiniplex_forest_lined_room_2, infiniplex_forest_end_2, st_stairs_7
Lair:5:   layout_gridlike, nicolae_volcano_entry_hallway, serial_bayou_pond_c,
          chequers_serial_rivers_micro_a, lemuel_fruit_fields, uniq_josephine,
          uniq_nessos, uniq_sonja
Lair:6:   minmay_lair_end_enchanted_forest, layout_gridlike, slime_altar_1,
          grunt_megastairs_5, minmay_lair_oklob_chamber, serial_bayou_shore_a
Orc:1:    layout_diamond_mine, basic_altar, serial_shops,
          nicolae_shop_overgrown_old_shop
Orc:2:    grunt_orc_cross, layout_caves, uniq_jorgrun

Skill      XL: |  1  2  3  4  5  6  7  8  9 10 11 12 13 14 15 |
---------------+----------------------------------------------+-----
Axes           | 3 4 5 7 8 9 11 13 14 16 | 16.5
Shields        | 4 5 6 7 8 9 11 12 14 15 | 15.0
Armour         | 4 5 6 7 10 | 10.0
Invocations    | 5 8 10 14 | 14.2
Fighting       | 5 7 9 10 12 | 12.0
Dodging        | 4 5 8 9 |  9.0

Action                   |  1- 3 |  4- 6 |  7- 9 | 10-12 | 13-15 || total
-------------------------+-------+-------+-------+-------+-------++-------
Melee: War axe           |    99 |   219 |   552 |   811 |  1551 ||  3232
       Flail             |       |       |       |       |    58 ||    58
       Unarmed           |       |       |       |       |     1 ||     1
Throw: Dart              |       |       |       |       |     2 ||     2
 Cast: Animate Skeleton  |       |       |       |     3 |     3 ||     6
Invok: Minor Destruction |       |       |    11 |     6 |    22 ||    39
       Lesser Servant of |       |       |       |     6 |    25 ||    31
       Major Destruction |       |       |       |       |    27 ||    27
       Greater Servant o |       |       |       |       |     2 ||     2
 Abil: Evoke Flight      |       |       |       |       |     3 ||     3
  Use: Scroll            |       |     2 |    11 |     4 |    11 ||    28
       Potion            |       |       |     1 |     3 |     2 ||     6
 Stab: Distracted        |       |       |       |     2 |     3 ||     5
       Sleeping          |       |       |       |     1 |     3 ||     4
  Eat: Chunk             |    18 |     6 |    14 |    28 |    39 ||   105
       Ration            |       |       |       |       |     2 ||     2
Armor: Scale mail        |    40 |    98 |       |       |       ||   138
       Chain mail        |       |    43 |   241 |       |       ||   284
       Plate armour      |       |       |    13 |   162 |   127 ||   302
       Ring mail         |       |       |       |   116 |   188 ||   304
       Fire dragon scale |       |       |       |       |   163 ||   163
Dodge: Dodged            |    28 |    65 |   113 |   183 |   552 ||   941
Block: Shield            |    48 |   127 |   281 |   396 |   960 ||  1812
